AoeStats
← 神圣罗马帝国 | Holy Roman

African Clearing

510929643Analyzed
4v4 RM · 13h ago on Oct 3, 2026· 44m 25s· 8 players
Game mode
Random Map
Map size
Large (8 player)
Population
200
Speed
Normal
Resources
Standard
Victory
Conquest
Starting age
Dark Age
Ending age
Imperial Age
RankedLock teamsTeams togetherTeam positionsShared explorationLock speedFull tech treeHidden civsTurbo modeCheats
Victory
Defeat
🇬🇧 Celts · United Kingdom
1314
+14
🇨🇦 Lithuanians · Canada
1301
+15
🇺🇸 Chinese · United States
1284
+15
🇺🇸 Dravidians · United States
1243
+16
🇯🇵 Cumans · Japan
1315
-17
1280
-16
🇦🇷 Aztecs · Argentina
1250
-14
🇮🇳 Armenians · India
1224
-13
issaLIONEL
3:40 Loom
13:14 Feudal Age
13:51 Double-Bit Axe
18:15 Fishing Lines
24:00 Castle Age
22:01 Fletching
22:26 Stone Mining
24:56 Bow Saw
24:42 Bodkin Arrow
24:50 Gillnets
25:01 Gold Mining
25:16 Padded Archer Armor
26:55 Ballistics
27:18 Town Watch
29:18 Leather Archer Armor
32:06 Wheelbarrow
36:02 Imperial Age
35:28 Hand Cart
36:49 Bracer
37:50 Chemistry
37:54 Conscription
40:00 Two-Man Saw
38:40 Horse Collar
40:02 Thumb Ring
40:59 Gold Shaft Mining
40:07 Elite Chu Ko Nu
43:20 Masonry
Flave Tycoon
10:25 Loom
13:30 Feudal Age
14:08 Double-Bit Axe
14:40 Town Watch
16:15 Fletching
21:23 Castle Age
20:05 Horse Collar
20:46 Padded Archer Armor
23:59 Bow Saw
23:55 Bodkin Arrow
23:49 Man-at-Arms
28:14 Light Cavalry
34:29 Leather Archer Armor
34:21 Scale Barding Armor
34:27 Forging
35:13 Wheelbarrow
34:38 Gold Mining
38:51 Medical Corps
42:44 Imperial Age
40:32 Hand Cart
41:37 Husbandry
43:48 Conscription
Frog
6:47 Loom
12:13 Feudal Age
13:27 Double-Bit Axe
20:45 Castle Age
19:12 Scale Barding Armor
19:51 Forging
20:36 Bloodlines
21:34 Husbandry
21:43 Light Cavalry
27:59 Chain Barding Armor
29:58 Iron Casting
30:15 Stone Mining
34:52 Horse Collar
37:16 Wheelbarrow
40:02 Town Watch
40:56 Bow Saw
44:08 Imperial Age
42:18 Fletching
42:30 Heavy Plow
42:38 Gold Mining
43:07 Hand Cart
43:41 Bodkin Arrow
44:38 Stone Shaft Mining
44:10 Cavalier
45:27 Plate Barding Armor
Sheepeehs
6:09 Loom
13:30 Feudal Age
18:18 Castle Age
17:54 Double-Bit Axe
36:39 Wheelbarrow
39:26 Hand Cart
39:11 Fletching
40:52 Town Watch
43:03 Murder Holes
Neitan
7:59 Loom
13:10 Feudal Age
20:24 Castle Age
19:24 Fletching
21:04 Gold Mining
20:51 Crossbowman
22:09 Bodkin Arrow
23:00 Double-Bit Axe
26:46 Bow Saw
27:13 Crossbowman
29:25 Town Watch
30:21 Wheelbarrow
31:16 Padded Archer Armor
35:46 Gold Shaft Mining
42:07 Imperial Age
42:58 Ballistics
42:36 Arbalester
43:33 Bracer
44:35 Chemistry
kojimo
5:47 Loom
13:20 Feudal Age
13:56 Double-Bit Axe
22:54 Castle Age
22:07 Town Watch
27:52 Pikeman
35:23 Fletching
35:33 Padded Archer Armor
36:13 Bow Saw
36:20 Padded Archer Armor
36:50 Bodkin Arrow
41:18 Imperial Age
40:17 Wheelbarrow
41:49 Hand Cart
42:13 Ballistics
43:10 Bloodlines
44:13 Steppe Husbandry
Øa10ŚūnyaØx
4:48 Loom
13:33 Feudal Age
15:13 Man-at-Arms
15:50 Double-Bit Axe
16:03 Long Swordsman
18:21 Arson
22:19 Scale Mail Armor
22:29 Forging
25:54 Castle Age
24:05 Gold Mining
24:26 Horse Collar
24:40 Stone Mining
26:01 Two-Handed Swordsman
26:29 Gambesons
27:18 Chain Mail Armor
27:42 Iron Casting
27:58 Squires
33:15 Wheelbarrow
34:28 Champion
35:25 Chain Mail Armor
39:48 Imperial Age
39:16 Bow Saw
41:34 Onager
42:19 Capped Ram
44:28 Chain Mail Armor
45:13 Blast Furnace
神圣罗马帝国 | Holy Roman
7:17 Double-Bit Axe
9:53 Loom
11:15 Wheelbarrow
13:13 Feudal Age
17:22 Castle Age
16:20 Bow Saw
21:22 Horse Collar
23:54 Hand Cart
24:02 Stone Mining
24:04 Gold Mining
26:33 Heavy Plow
28:33 Gold Shaft Mining
29:27 Fletching
30:08 Scale Barding Armor
30:14 Forging
30:15 Bodkin Arrow
30:44 Cavalier
31:46 Chain Barding Armor
31:40 Husbandry
35:33 Iron Casting
41:03 Imperial Age
Connection lost

Rejoining the realm…

Still unreachable

The connection could not be restored.

Session expired

The server has moved on; the page needs a fresh start.